 Dungeon Sprint DCSS version 0.22.1-1-ga44c0e56f4 (webtiles) character file.

8340 MuseOD the Imperceptible (level 11, 0/58 HPs)
             Began as a Spriggan Enchanter on Sept 23, 2018.
             Was the Champion of Dithmenos.
             Slain by a freezing wraith (22 damage)
             ... in the Dungeon (Sprint VII: "The Pits").
             The game lasted 00:08:45 (2928 turns).

MuseOD the Imperceptible (Spriggan Enchanter)       Turns: 2928, Time: 00:08:46

Health: 0/58       AC:  2    Str:  4    XL:     11   Next: 8%
Magic:  21/30      EV: 18    Int: 21    God:    Dithmenos [******]
Gold:   11         SH:  0    Dex: 16    Spells: 26/38 levels left

rFire    . . .     SeeInvis +   o - +2 dagger (venom)
rCold    . . .     Gourm    .   (shield restricted)
rNeg     . . .     Faith    .   b - +0 robe
rPois    .         Spirit   .   (helmet restricted)
rElec    .         Reflect  .   (no cloak)
rCorr    .         Harm     .   (gloves unavailable)
MR       +....     NoTele   +   (boots unavailable)
Stlth    ++++++++++             (no amulet)
HPRegen  0.19/turn              (no ring)
MPRegen  0.22/turn              (no ring)

@: wreathed by umbra, very quick
A: very small, unfitting armour, see invisible, herbivore, speed 3, slow
metabolism 2
a: Shadow Step, Shadow Form, Renounce Religion


You were in the Dungeon.
You worshipped Dithmenos.
Dithmenos was exalted by your worship.
You were not hungry.

You visited 1 branch You collected 11 gold pieces.

Inventory:

Hand Weapons
 o - a +2 dagger of venom (weapon)
 u - a +2 rapier of flaming
Armour
 a - +0 steam dragon scales
 b - a +0 robe (worn)
Jewellery
 c - a +3 ring of intelligence
 p - a +3 ring of evasion
Wands
 v - a wand of disintegration (16)
Scrolls
 j - a scroll of blinking
 l - 3 scrolls of remove curse
 m - 5 scrolls of amnesia
 n - a scroll of summoning
Potions
 e - 7 potions of curing
 f - 3 potions of heal wounds
 g - 3 potions of haste
 h - 4 potions of magic
 i - 3 potions of berserk rage
 k - a potion of invisibility
 q - a potion of might
 r - 2 potions of brilliance
 s - a potion of resistance
 t - a potion of agility
Comestibles
 d - 8 rations


   Skills:
 - Level 7.2 Fighting
 - Level 12.9 Short Blades
 - Level 3.0 Dodging
 + Level 21.1 Stealth
 + Level 14.4 Spellcasting
 + Level 14.6 Hexes


You had 26 spell levels left.
You knew the following spells:

 Your Spells              Type           Power        Failure   Level  Hunger
a - Corona                Hex            ######.      0%          1    None
b - Ensorcelled Hibernat  Hex/Ice        #####.       1%          2    None
c - Confuse               Hex            ######..     1%          3    None
d - Dazzling Spray        Conj/Hex       #####.       1%          3    None
e - Tukima's Dance        Hex            ######..     1%          3    None

Your spell library contained the following spells:

 Spells                   Type           Power        Failure   Level  Hunger


Dungeon Overview and Level Annotations

Branches:
Dungeon (1/1)

Altars:
Ashenzari
Cheibriados
Dithmenos
Elyvilon
Fedhas
Gozag
Hepliaklqana
Kikubaaqudgha
Makhleb
Nemelex Xobeh
Okawaru
Qazlal
Ru
Sif Muna
Trog
Uskayaw
Vehumet
Wu Jian
Xom
Yredelemnul
Zin
The Shining One
Beogh
Jiyva
Lugonu


Innate Abilities, Weirdness & Mutations

You are very small and have problems with some larger weapons.
You are too small for most types of armour.
You have supernaturally acute eyesight. (SInv)
You are a herbivore.
You cover ground extremely quickly.
You need to consume almost no food.


Message History

A freezing wraith is nearby!
Casting: Ensorcelled Hibernation (safe; 1% risk of failure)
Confirm with . or Enter, or press ? or * to list all spells.
Aiming: Confuse (safe; 1% risk of failure)
Press: ? - help, Shift-Dir - straight line, f - freezing wraith
Aim: a freezing wraith (hasn't noticed you, umbra, chance to defeat MR: 64%)
The freezing wraith appears confused.
Your shadow mimicks your spell!
The freezing wraith easily resists.
Casting: Confuse (safe; 1% risk of failure)
Confirm with . or Enter, or press ? or * to list all spells.
Aiming: Confuse (safe; 1% risk of failure)
Press: ? - help, Shift-Dir - straight line, f/p - freezing wraith
Aim: a freezing wraith (confused, umbra, chance to defeat MR: 64%)
Okay, then.
You hit the freezing wraith but do no damage.
Your shadow completely misses the freezing wraith.
The freezing wraith hits you!
You emit a cloud of dark smoke.
The freezing wraith freezes you!!
You die...

#'#####''######################
.....##''# ######## ####
.....##..# ##.(†...###...##
.....##..###..#†#....†....#
.<...##..##†)##.##§.†x.#
.....##..##†##...##§§.##
.....##..####.)...##.##
.....##...##...§§§#...#.#
#######.)..'....@W'...'.'
#######...##...§.§#...#.#
#..[[##..####..)..##.##
#..[[##..# ##.).##...#
'...)##..# ##.## ....#
#..))##..# #'# .. #..))##..#
... . ########## #####


You could see a freezing wraith (confused).

Vanquished Creatures
  A two-headed ogre (D)
  A death yak (D)
  A deep elf knight (D)
  A lindwurm (D)
  2 black mambas (D)
  An elephant (D)
  Maurice (D)
  A gargoyle (D)
  A hellwing (D)
  A snapping turtle (D)
  A hippogriff (D)
  6 dream sheep (D)
  6 redbacks (D)
  A tarantella (D)
  A wraith (D)
  A steam dragon (D)
  2 wargs (D)
  A water moccasin (D)
  A porcupine (D)
  A floating eye (D)
  A sky beast (D)
  4 wolves (D)
  A phantom (D)
  A centaur (D)
  A necrophage (D)
  An earth elemental (D)
  A gnoll sergeant (D)
  A scorpion (D)
  A crimson imp (D)
  2 jellies (D)
  A small abomination (D)
  An orc priest (D)
  An iguana (D)
  A mummy (D)
  4 gnolls (D)
  A white imp (D)
  3 orcs (D)
  A bat zombie (D)
  A giant cockroach (D)
  2 goblins (D)
  A quokka (D)
  A frilled lizard (D)
  4 rats (D)
68 creatures vanquished.

Notes
Turn   | Place    | Note
-------+----------+-------------------------------------------
     0 | D        | MuseOD the Spriggan Enchanter began the quest for the Orb.
     0 | D        | Reached XP level 1. HP: 9/9 MP: 5/5
    22 | D        | Found a bloodstained altar of Trog.
    22 | D        | Found a deep blue altar of Sif Muna.
    22 | D        | Found a viscous altar of Jiyva.
    22 | D        | Found a hazy altar of Hepliaklqana.
    22 | D        | Found an opulent altar of Gozag.
    23 | D        | Found a glowing golden altar of the Shining One.
    23 | D        | Found a glowing silver altar of Zin.
    23 | D        | Found a basalt altar of Yredelemnul.
    23 | D        | Found a shimmering altar of Xom.
    23 | D        | Found an ornate altar of the Wu Jian Council.
    23 | D        | Found a sacrificial altar of Ru.
    23 | D        | Found a stormy altar of Qazlal.
    23 | D        | Found an iron altar of Okawaru.
    23 | D        | Found a sparkling altar of Nemelex Xobeh.
    23 | D        | Found a burning altar of Makhleb.
    23 | D        | Found a blossoming altar of Fedhas.
    23 | D        | Found a white marble altar of Elyvilon.
    23 | D        | Found a shadowy altar of Dithmenos.
    23 | D        | Found a snail-covered altar of Cheibriados.
    25 | D        | Found a corrupted altar of Lugonu.
    25 | D        | Found a radiant altar of Vehumet.
    25 | D        | Found a roughly hewn altar of Beogh.
    26 | D        | Found an ancient bone altar of Kikubaaqudgha.
    26 | D        | Found a hide-covered altar of Uskayaw.
    26 | D        | Found a shattered altar of Ashenzari.
    31 | D        | Became a worshipper of Dithmenos the Shadowed
   126 | D        | Reached skill level 1 in Fighting
   126 | D        | Reached skill level 5 in Stealth
   126 | D        | Reached XP level 2. HP: 14/14 MP: 6/6
   146 | D        | Learned a level 2 spell: Ensorcelled Hibernation
   200 | D        | Reached * piety under Dithmenos
   200 | D        | Reached skill level 6 in Stealth
   486 | D        | Noticed a floating eye
   489 | D        | Paralysed by a floating eye for 3 turns
   496 | D        | Paralysed by a floating eye for 4 turns
   508 | D        | Paralysed by a floating eye for 3 turns
   520 | D        | Killed a floating eye
   520 | D        | Reached ** piety under Dithmenos
   520 | D        | Reached skill level 8 in Stealth
   520 | D        | Reached XP level 3. HP: 7/21 MP: 1/8
   520 | D        | Reached XP level 4. HP: 9/25 MP: 1/9
   530 | D        | Learned a level 3 spell: Confuse
   836 | D        | Noticed a warg
   854 | D        | Killed a warg
   854 | D        | Reached *** piety under Dithmenos
   854 | D        | Reached skill level 10 in Stealth
   854 | D        | Reached XP level 5. HP: 17/30 MP: 3/10
   876 | D        | Reached skill level 5 in Fighting
   876 | D        | Reached XP level 6. HP: 22/35 MP: 0/11
   899 | D        | Reached skill level 10 in Short Blades
   999 | D        | Reached skill level 11 in Stealth
  1001 | D        | Reached **** piety under Dithmenos
  1010 | D        | Noticed a steam dragon
  1012 | D        | Killed a steam dragon
  1012 | D        | Reached skill level 12 in Stealth
  1012 | D        | Reached XP level 7. HP: 39/40 MP: 12/12
  1019 | D        | Learned a level 3 spell: Dazzling Spray
  1026 | D        | Reached ***** piety under Dithmenos
  1166 | D        | Noticed a snapping turtle
  1168 | D        | Killed a snapping turtle
  1168 | D        | Reached skill level 13 in Stealth
  1264 | D        | Noticed Maurice
  1267 | D        | Noticed a redback
  1268 | D        | Killed a redback
  1268 | D        | Reached skill level 14 in Stealth
  1268 | D        | Reached XP level 8. HP: 43/46 MP: 8/15
  1275 | D        | Killed Maurice
  1292 | D        | Reached skill level 15 in Stealth
  1493 | D        | Noticed a hippogriff
  1493 | D        | Noticed a death yak
  1493 | D        | Noticed a dream sheep
  1493 | D        | Noticed a dream sheep
  1493 | D        | Noticed a dream sheep
  1493 | D        | Noticed a dream sheep
  1493 | D        | Noticed a dream sheep
  1493 | D        | Noticed a dream sheep
  1493 | D        | Noticed a two-headed ogre
  1546 | D        | Learned a level 3 spell: Tukima's Dance
  1550 | D        | Noticed a black mamba
  1550 | D        | Noticed a black mamba
  1552 | D        | Killed a black mamba
  1554 | D        | Killed a black mamba
  1554 | D        | Reached skill level 16 in Stealth
  1554 | D        | Reached XP level 9. HP: 46/50 MP: 14/22
  1559 | D        | Noticed a gargoyle
  1563 | D        | Killed a gargoyle
  1568 | D        | Noticed a hellwing
  1569 | D        | Noticed a deep elf knight
  1579 | D        | Killed a deep elf knight
  1579 | D        | Reached skill level 17 in Stealth
  1579 | D        | Reached skill level 10 in Spellcasting
  1579 | D        | Reached skill level 10 in Hexes
  1592 | D        | Killed a hellwing
  1760 | D        | Reached skill level 18 in Stealth
  1775 | D        | Reached ****** piety under Dithmenos
  1783 | D        | HP: 2/50 [death yak (47)]
  2213 | D        | Killed a death yak
  2213 | D        | Reached XP level 10. HP: 55/55 MP: 24/26
  2226 | D        | Killed a two-headed ogre
  2226 | D        | Reached skill level 19 in Stealth
  2646 | D        | Reached skill level 20 in Stealth
  2680 | D        | Noticed an elephant
  2722 | D        | Killed an elephant
  2779 | D        | Reached XP level 11. HP: 49/58 MP: 9/30
  2807 | D        | Noticed a lindwurm
  2815 | D        | Killed a lindwurm
  2815 | D        | Reached skill level 21 in Stealth
  2928 | D        | Slain by a freezing wraith

Skill      XL: |  1  2  3  4  5  6  7  8  9 10 11 |
---------------+----------------------------------+-----
Short Blades   | 3 7 9 11 12 | 12.9
Fighting       | 1 3 4 5 6 7 |  7.2
Stealth        | 5 8 10 12 14 16 18 20 21 | 21.1
Spellcasting   | 4 8 11 14 | 14.4
Hexes          | 4 8 12 14 | 14.6
Dodging        | |  3.0

Action                   |  1- 3 |  4- 6 |  7- 9 | 10-12 || total
-------------------------+-------+-------+-------+-------++-------
Melee: Dagger            |    47 |    27 |    54 |    98 ||   226
 Cast: Ensorcelled Hiber |     5 |     1 |     4 |     7 ||    17
       Confuse           |       |     2 |    24 |    17 ||    43
       Dazzling Spray    |       |       |     1 |     1 ||     2
Invok: Shadow Step       |       |       |     4 |     2 ||     6
  Use: Potion            |       |       |       |     7 ||     7
 Stab: Sleeping          |     2 |     6 |    11 |     8 ||    27
       Confused          |       |     1 |    10 |     8 ||    19
       Invisible         |       |       |       |     3 ||     3
       Distracted        |       |       |       |     1 ||     1
  Eat: Ration            |       |       |       |     1 ||     1
Armor: Robe              |     8 |     1 |     4 |     1 ||    14
Dodge: Dodged            |    49 |     9 |    22 |    72 ||   152
